 Dungeon Crawl Stone Soup version 0.22.1 (webtiles) character file.

1440 Asgaroth the Grappler (level 8, -4/63 HPs)
             Began as a Ghoul Monk on Sept 18, 2018.
             Was a Priest of Makhleb.
             Killed by divine providence
             ... invoked by an orc priest
              (13 damage)
             ... on level 6 of the Dungeon.
             The game lasted 00:12:22 (5818 turns).

Asgaroth the Grappler (Ghoul Monk)                  Turns: 5818, Time: 00:12:23

Health: -4/63      AC:  9    Str: 15    XL:     8   Next: 74%
Magic:  10/10      EV:  7    Int:  5    God:    Makhleb [***...]
Gold:   215        SH:  0    Dex: 13    Spells: 7/7 levels left

rFire    . . .     SeeInvis .     - Unarmed
rCold    + . .     Gourm    .   (no shield)
rNeg     + + +     Faith    .   c - +0 chain mail
rPois    ∞         Spirit   .   g - +0 helmet
rElec    .         Reflect  .   (no cloak)
rCorr    .         Harm     .   (no gloves)
MR       .....                  (no boots)
Stlth    ..........             (no amulet)
HPRegen  0.00/turn              (no ring)
MPRegen  0.12/turn              (no ring)

@: rotting
A: rotting body, claws 1, carnivore, cold resistance 1, negative energy
resistance 3, inhibited regeneration, torment resistance, unbreathing
a: Minor Destruction, Lesser Servant of Makhleb, Renounce Religion


You were on level 6 of the Dungeon.
You worshipped Makhleb.
Makhleb was most pleased with you.
You were not hungry.

You visited 2 branches of the dungeon, and saw 7 of its levels.

You collected 215 gold pieces.

Inventory:

Armour
 c - a +0 chain mail (worn)
 g - a +0 helmet (worn)
Jewellery
 j - a +4 amulet of reflection {unknown}
 k - an uncursed ring of positive energy {unknown}
 u - a cursed ring of teleportation {unknown}
Scrolls
 a - 6 scrolls of identify {unknown}
 e - a scroll of immolation {unknown}
 i - 2 scrolls of noise {unknown}
 l - 3 scrolls of enchant weapon {unknown}
 m - 2 scrolls of remove curse {unknown}
 n - a scroll of blinking {unknown}
 o - a scroll of enchant armour {unknown}
 p - a scroll of fear {unknown}
 q - 3 scrolls of fog {unknown}
 v - a scroll of random uselessness {unknown}
Potions
 d - 3 potions of lignification {unknown}
 f - 3 potions of flight {unknown}
 h - a potion of cancellation {unknown}
 r - 2 potions of degeneration {unknown}
 s - a potion of haste {unknown}
Comestibles
 b - 10 rations
 t - 11 chunks of flesh


   Skills:
 - Level 3.2 Fighting
 - Level 2.6 Dodging
 - Level 2.1 Stealth
 * Level 10.6 Unarmed Combat
 + Level 5.1 Invocations


You had 7 spell levels left.
You didn't know any spells.
Your spell library contained the following spells:

 Spells                   Type           Power        Failure   Level  Hunger
 Confusing Touch          Hex            #.....       100%        1    ##.....
 Summon Small Mammal      Summ           #...         100%        1    ##.....
 Call Imp                 Summ           #.......     100%        2    ###....
 Call Canine Familiar     Summ           #.......     100%        3    ####...
 Confuse                  Hex            #.......     100%        3    ####...
 Gell's Gravitas          Tloc           #.........   100%        3    ####...
 Summon Guardian Golem    Hex/Summ       #.......     100%        3    ####...
 Petrify                  Tmut/Erth      #.......     100%        4    #####..
 Summon Ice Beast         Ice/Summ       #.......     100%        4    #####..
 Summon Lightning Spire   Summ/Air       #.......     100%        4    #####..
 Metabolic Englaciation   Hex/Ice        #.........   100%        5    ######.
 Yara's Violent Unravell  Hex/Tmut       #.........   100%        5    ######.


Dungeon Overview and Level Annotations

Branches:
Dungeon (6/15)             Temple (1/1) D:4

Altars:
Ashenzari
Cheibriados
Dithmenos
Elyvilon
Fedhas
Gozag
Hepliaklqana
Kikubaaqudgha
Makhleb
Nemelex Xobeh
Qazlal
Sif Muna
Trog
Uskayaw
Vehumet
Wu Jian
Yredelemnul
Zin
The Shining One

Shops:
D:4 [

Annotations:
D:5 2 transporters, baljet's ghost, novice MfFi


Innate Abilities, Weirdness & Mutations

Your body is rotting away.
You thrive on raw meat.
You are immune to poison.
You have sharp fingernails.
You are carnivorous and can eat meat at any time.
Your flesh is cold resistant. (rC+)
You are immune to negative energy. (rN+++)
You do not regenerate when monsters are visible.
You are immune to unholy pain and torment.
You can survive without breathing.


Message History

The orc hits you.
* * * LOW HITPOINT WARNING * * *
The orc hits you but does no damage.
You scratch the orc.
The orc is heavily wounded.
The orc hits you but does no damage. The orc misses you.
The orc hits you but does no damage.
You scratch the orc but do no damage.
The orc is heavily wounded.
The orc priest mumbles some strange prayers to Beogh against you.
Beogh smites you!
* * * LOW HITPOINT WARNING * * *
The orc hits you but does no damage. x2
You claw the orc!
You kill the orc!
Makhleb accepts your kill. The orc hits you but does no damage.
The orc priest invokes the aid of Beogh against you.
Beogh smites you!
You die...

#... ...... ...........
......................)...
##......................)).
.###...###...###...###(.
#...# #...# #... #..
.###...###...###...###(.
......................(.
.......oo...........)(..
.......@[o)..........(..
.###...###...###...###).
#... #...# #...# #..
#...###...###...###..
......................
......o................
........................
.###...###...###...###..
... #...# #...# #..


You could see an orc priest and 2 orcs.

Vanquished Creatures
  A sky beast (D:5)
  3 ogres
  A scorpion (D:5)
  A crimson imp (D:6)
  A centaur zombie (D:4)
  6 orc priests
  3 hounds
  13 orc wizards
  2 worker ants
  2 hound skeletons
  6 gnolls
  7 adders
  A shadow imp (D:5)
  An ooze (D:4)
  A worm (D:4)
  3 dart slugs
  2 leopard geckos
  22 orcs
  3 ball pythons
  6 giant cockroaches
  2 goblins (D:3)
  7 hobgoblins
  2 jackals (D:3)
  A quokka (D:5)
  10 bats
  9 frilled lizards
  5 kobolds
  A leopard gecko skeleton (D:4)
  A leopard gecko zombie (D:6)
  6 rats
129 creatures vanquished.

Vanquished Creatures (collateral kills)
  A centaur (D:6)
1 creature vanquished.

Grand Total: 130 creatures vanquished

Notes
Turn   | Place    | Note
-------+----------+-------------------------------------------
     0 | D:1      | Asgaroth the Ghoul Monk began the quest for the Orb.
     0 | D:1      | Reached XP level 1. HP: 19/19 MP: 0/0
   206 | D:1      | Reached XP level 2. HP: 9/26 MP: 1/1
   427 | D:1      | Reached skill level 4 in Unarmed Combat
   955 | D:1      | Reached XP level 3. HP: 31/31 MP: 2/2
  1651 | D:2      | Found a faded altar of an unknown god.
  1953 | D:3      | Reached skill level 5 in Unarmed Combat
  1953 | D:3      | Reached XP level 4. HP: 37/38 MP: 3/3
  2128 | D:3      | Found a basalt altar of Yredelemnul.
  2135 | D:3      | Found a white marble altar of Elyvilon.
  2140 | D:3      | Found a sparkling altar of Nemelex Xobeh.
  2147 | D:3      | Found a hide-covered altar of Uskayaw.
  2152 | D:3      | Found a blossoming altar of Fedhas.
  2163 | D:3      | Found a bloodstained altar of Trog.
  2170 | D:3      | Found a glowing golden altar of the Shining One.
  2361 | D:3      | Found a stormy altar of Qazlal.
  2742 | D:4      | Reached skill level 6 in Unarmed Combat
  2742 | D:4      | Reached XP level 5. HP: 38/45 MP: 4/4
  2758 | D:4      | Found Qiraergh's Armour Boutique.
  3332 | D:3      | Reached skill level 7 in Unarmed Combat
  3345 | D:4      | Reached XP level 6. HP: 48/50 MP: 5/5
  3428 | D:4      | Found a staircase to the Ecumenical Temple.
  3458 | Temple   | Entered the Ecumenical Temple
  3531 | Temple   | Became a worshipper of Makhleb the Destroyer
  3531 | Temple   | Reached * piety under Makhleb
  3531 | Temple   | Reached ** piety under Makhleb
  4204 | D:5      | Entered Level 5 of the Dungeon
  4275 | D:5      | Reached skill level 1 in Invocations
  4304 | D:5      | Reached skill level 8 in Unarmed Combat
  4359 | D:5      | Reached XP level 7. HP: 52/57 MP: 7/7
  4472 | D:5      | Found a transporter.
  4485 | D:5      | Noticed baljet's ghost (novice MfFi)
  4542 | D:5      | Reached skill level 9 in Unarmed Combat
  4619 | D:5      | Found a transporter.
  4883 | D:5      | Reached XP level 8. HP: 61/62 MP: 9/9
  5441 | D:6      | Reached skill level 10 in Unarmed Combat
  5737 | D:6      | Reached *** piety under Makhleb
  5748 | D:6      | Reached skill level 5 in Invocations
  5818 | D:6      | Killed from afar by an orc priest

Skill      XL: |  1  2  3  4  5  6  7  8 |
---------------+-------------------------+-----
Unarmed Combat | 4 5 6 7 8 9 10 | 10.6
Invocations    | 1 3 5 |  5.1
Fighting       | |  3.2
Dodging        | |  2.6
Stealth        | |  2.1

Action                   |  1- 3 |  4- 6 |  7- 9 || total
-------------------------+-------+-------+-------++-------
Melee: Unarmed           |   132 |   203 |   203 ||   538
       Punch             |     1 |     6 |     5 ||    12
Invok: Minor Destruction |       |       |     4 ||     4
       Lesser Servant of |       |       |     1 ||     1
 Stab: Distracted        |     1 |       |       ||     1
       Sleeping          |     3 |       |       ||     3
  Eat: Chunk             |     8 |     5 |     6 ||    19
Armor: Robe              |    14 |       |       ||    14
       Ring mail         |    30 |       |       ||    30
       Chain mail        |     4 |   127 |   101 ||   232
Dodge: Dodged            |    96 |    73 |    47 ||   216
